[Event "*** Titled Tuesday Blitz AM"]
[Site "Chess.com"]
[Date "2020.01.07"]
[Round "1"]
[White "TST2014"]
[Black "bhavesh1810"]
[Result "1-0"]
[WhiteElo "2547"]
[BlackElo "1996"]
[TimeControl "180+2"]
[EndTime "9:07:27 PST"]
[Termination "TST2014 won by resignation"]

1. d4 Nf6 2. c4 e6 3. Nf3 d5 4.
Nc3 Be7 5. Bf4 O-O 6. e3 c6 7. c5 Bd7 8. b4 Nh5 9. Bd3 Nxf4 10.
exf4 Qc7 11. g3 Be8 12. h4 Nd7 13. O-O f5 14. Re1 Bf7 15. Ng5 Nf6 16. f3 Qd7 17. Qe2 Rae8 18. Nxe6 Bxe6 19. Qxe6+ Qxe6 20. Rxe6 g6 21.
Rae1 Kf7 22. Kg2 Bd8 23. R6e5 Bc7 24. Rxe8 Rxe8 25. Rxe8 Nxe8 26. h5 Ng7 27. hxg6+ hxg6 28. Ne2 Ne6 29. Kh3 Ng7 30. g4 Bd8 31. Ng3 Ke6 32.
a4 Bf6 33. Ne2 a6 34. Kg3 Kf7 35. Kf2 Bh4+ 36. Ke3 Bf6 37. Ng3 Ke6 38. Nf1 Kf7 39. Nd2 Ne6 40. Nb3 fxg4 41. fxg4 g5 42. f5 Nd8 43. Na5 Ke7 44. Nxb7 Nxb7 45. Bxa6 Nd8 46. Bc8 Nf7 47. a5 Kd8 48. Be6 Nh6 49. b5 cxb5 50. a6 Nxg4+ 51. Kd3 Kc7 52. a7 Kb7 53. c6+ Kxa7 54.
c7 Nf2+ 55. Ke3 Ng4+ 56. Ke2 Be5 57. dxe5 Nxe5 58. c8=Q 1-0

[Event "*** Titled Tuesday Blitz AM"]
[Site "Chess.com"]
[Date "2020.01.07"]
[Round "1"]
[White "SCIM"]
[Black "AntonSmirnov"]
[Result "0-1"]
[WhiteElo "2501"]
[BlackElo "2903"]
[TimeControl "180+2"]
[EndTime "9:07:28 PST"]
[Termination "AntonSmirnov won by resignation"]

1. d4 d5 2. c4 c6 3. Nf3 Nf6 4. e3 Bg4 5. h3 Bh5 6. Nc3 e6 7. g4 Bg6 8. Ne5 Nbd7 9. Nxg6 hxg6 10. g5 Ne4 11. Nxe4 dxe4 12. h4 Qa5+ 13. Bd2 Bb4 14. a3 Bxd2+ 15. Qxd2 Qxd2+ 16. Kxd2 f5 17. Kc3 b6 18.
Be2 Ke7 19. h5 gxh5 20. Bxh5 Rh7 21. Bg6 Rxh1 22. Rxh1 Rg8 23. b4 Nf8 24. Bh5 Rh8 25. Bf3 Rxh1 26. Bxh1 g6 27. f4 exf3 28. Bxf3 Kd7 29.
c5 bxc5 30. dxc5 Nh7 31. a4 Nxg5 32. Bg2 e5 33. b5 e4 34. b6 Kc8 35. a5 Kb7 36. Bf1 Ne6 37. Kb4 g5 38. Bc4 g4 39.
a6+ Kb8 40. Bf1 f4 41. exf4 Nxf4 42. Kc4 e3 43. bxa7+ Kxa7 0-1

[Event "*** Titled Tuesday Blitz AM"]
[Site "Chess.com"]
[Date "2020.01.07"]
[Round "1"]
[White "Korona_91"]
[Black "Daniel-2003"]
[Result "0-1"]
[WhiteElo "2517"]
[BlackElo "2321"]
[TimeControl "180+2"]
[EndTime "9:07:29 PST"]
[Termination "Daniel-2003 won by resignation"]

1. e4 c5 2. Nf3 d6 3. Bb5+ Nd7 4. a4 Nf6 5. Nc3 g6 6. O-O Bg7 7. Re1 O-O 8. b3 a6 9. Bc4 b6 10. Bb2 Bb7 11. Rb1 Qc7 12. Nd5 Nxd5 13. Bxg7 Ne3 14. Rxe3 Kxg7 15. d4 cxd4 16. Qxd4+ e5 17. Qd2 Nc5 18. Bd5 Bxd5 19. Qxd5 Rac8 20. Rd1 Ne6 21. c4 Rcd8 22. g3 a5 23. Qd2 h6 24. h4 Nc5 25. h5 Qd7 26. Kg2 Qg4 27. hxg6 fxg6 28.
Nh2 Qe6 29. Qe2 h5 30. Nf3 Rd7 31. Qb2 Rdf7 32. Rd2 Nxe4 33. Nd4 Qg4 34. Rxe4 Qxe4+ 35. f3 Rxf3 36. Nxf3 Qxf3+ 37. Kh2 h4 38. g4 Qg3+ 0-1

[Event "*** Titled Tuesday Blitz AM"]
[Site "Chess.com"]
[Date "2020.01.07"]
[Round "1"]
[White "Shivagami"]
[Black "viktorskliarov"]
[Result "0-1"]
[WhiteElo "2132"]
[BlackElo "2577"]
[TimeControl "180+2"]
[EndTime "9:07:30 PST"]
[Termination "viktorskliarov won by resignation"]

1. d4 Nf6 2. c4 e6 3. Nc3 Bb4 4. f3 c5 5. d5 b5 6. e4 bxc4 7.
Bxc4 Nxd5 8. Bxd5 exd5 9. Qxd5 Nc6 10. Nh3 Ba6 11. a3 Bxc3+ 12. bxc3 O-O 13. Bd2 Re8 14. Ng5 Qf6 15. Qxc5 Ne5 16. Qe3 Nd3+ 17. Kd1 d5 18. Kc2 h6 19. Nh3 Rac8 20. Kd1 dxe4 21. fxe4 Red8 22.
Rb1 Ne5 23. Nf4 Nc4 0-1

[Event "*** Titled Tuesday Blitz AM"]
[Site "Chess.com"]
[Date "2020.01.07"]
[Round "1"]
[White "olksuna"]
[Black "AleksanderHnydiuk"]
[Result "1-0"]
[WhiteElo "2586"]
[BlackElo "2153"]
[TimeControl "180+2"]
[EndTime "9:07:32 PST"]
[Termination "olksuna won by resignation"]

1. c4 Nf6 2. Nc3 c5 3. g3 e6 4.
Bg2 d5 5. cxd5 exd5 6. d3 Nc6 7.
Bg5 Be7 8. Nf3 O-O 9. O-O h6 10.
Bf4 Be6 11. d4 Ne4 12. dxc5 Bxc5 13. Rc1 Qb6 14. e3 Nxc3 15. bxc3 Rac8 16. h4 Rfd8 17. Nd4 Nxd4 18. cxd4 Ba3 19. Rb1 Qc6 20. Qb3 Be7 21. Qxb7 Bf8 22. Qxc6 Rxc6 23. Rfc1 Rdc8 24. Rxc6 Rxc6 25.
Bf1 f6 26. h5 Kf7 27. Rb7+ Be7 28. Rxa7 Rc1 29. Kg2 Ke8 30. Bb5+ 1-0

[Event "*** Titled Tuesday Blitz AM"]
[Site "Chess.com"]
[Date "2020.01.07"]
[Round "1"]
[White "Borsuk_Konstantin"]
[Black "Hikaru"]
[Result "0-1"]
[WhiteElo "2530"]
[BlackElo "3187"]
[TimeControl "180+2"]
[EndTime "9:07:35 PST"]
[Termination "Hikaru won by checkmate"]

1. d4 Nf6 2. c4 c5 3. d5 d6 4. Nc3 g6 5. e4 Bg7 6. Nf3 O-O 7. Be2 e6 8. O-O Re8 9. h3 exd5 10. exd5 Bf5 11.
g4 Bc8 12. Kg2 h5 13. Ng5 hxg4 14. hxg4 Rxe2 15. Qxe2 Bxg4 16. f3 Bf5 17. Re1 Bf8 18. Nge4 Nh5 19. Bg5 Be7 20. Qd2 Nd7 21. Bxe7 Qxe7 22.
Qg5 Qe5 23. Nf2 Qd4 24. Rad1 Qxc4 25. Ng4 Bxg4 26. Qxg4 Ne5 27. Qxc4 Nxc4 28. b3 Ne5 29. Nb5 Nd3 30. Re3 Ndf4+ 31. Kf2 Rd8 32. Re7 a6 33.
Nc3 b5 34. Ra7 c4 35. bxc4 bxc4 36. Rxa6 Nd3+ 37. Ke3 Ng3 38. Kd4 Nf5+ 39. Kxc4 Nb2+ 40. Kb4 Rb8+ 41. Ka3 Ne3 42. Rc6 Nc2# 0-1

[Event "*** Titled Tuesday Blitz AM"]
[Site "Chess.com"]
[Date "2020.01.07"]
[Round "1"]
[White "kkpanu9"]
[Black "IwkooO"]
[Result "0-1"]
[WhiteElo "2102"]
[BlackElo "2567"]
[TimeControl "180+2"]
[EndTime "9:07:36 PST"]
[Termination "IwkooO won by resignation"]

1. e4 c5 2. Nf3 e6 3. d4 cxd4 4. Nxd4 Nc6 5. Nc3 a6 6. g3 d6 7. Bg2 Bd7 8. O-O Nf6 9. Nb3 Be7 10. f4 O-O 11. g4 b5 12. g5 Ne8 13. a3 Nc7 14. Qh5 g6 15. Qh4 h5 16. Bf3 Kg7 17.
Be3 Rc8 18. Nd4 Nxd4 19. Bxd4+ e5 20. fxe5 Ne6 21. exd6+ Nxd4 22. dxe7 Qxe7 23. Nd5 Qc5 24. Kh1 Qxc2 25. Rf2 Nxf3 26. Rxf3 Bg4 27. Rf2 Qxe4+ 28. Kg1 Qxd5 29. Raf1 Rc5 30. h3 Be6 31. Rg2 Rc4 32. Qf2 Qd4 33. Kh2 Qxf2 34. Rgxf2 Rfc8 35. Rd1 Rc2 36. Kg1 Rxf2 37. Kxf2 Rc2+ 38. Ke3 Rxb2 0-1

[Event "*** Titled Tuesday Blitz AM"]
[Site "Chess.com"]
[Date "2020.01.07"]
[Round "1"]
[White "Kriari"]
[Black "ohusbands"]
[Result "1-0"]
[WhiteElo "2926"]
[BlackElo "2513"]
[TimeControl "180+2"]
[EndTime "9:07:39 PST"]
[Termination "Kriari won on time"]

1. d4 Nf6 2. c4 e6 3. g3 d5 4. Bg2 dxc4 5. Nf3 Bb4+ 6. Nc3 O-O 7. O-O c6 8. Qc2 b5 9. e4 Bb7 10. e5 Nd5 11. Ng5 g6 12. Nge4 Nd7 13. Bh6 Re8 14. h4 Qb6 15. Rad1 Be7 16. Ne2 c5 17. dxc5 Nxc5 18. Nd6 Bxd6 19. exd6 Nd3 20. d7 Red8 21. Nc1 Rxd7 22. Nxd3 cxd3 23. Rxd3 Rc8 24.
Qd2 Rdc7 25. Qe1 Ne7 26. g4 Qc5 27. Qd2 Bd5 28. Qg5 1-0

[Event "*** Titled Tuesday Blitz AM"]
[Site "Chess.com"]
[Date "2020.01.07"]
[Round "1"]
[White "gui_borba"]
[Black "meoluoi91"]
[Result "1-0"]
[WhiteElo "2268"]
[BlackElo "2610"]
[TimeControl "180+2"]
[EndTime "9:07:41 PST"]
[Termination "gui_borba won on time"]

1. e4 c6 2. d4 d5 3. e5 g6 4.
f4 Nh6 5. Nc3 Bg7 6. Be3 a5 7. Qd2 Ng4 8. O-O-O a4 9. Be2 a3 10.
b3 Nxe3 11. Qxe3 Na6 12. g4 Nb4 13. Kb1 h5 14. f5 hxg4 15. Bxg4 gxf5 16. Bf3 Bh6 17.
Qf2 f4 18. Nge2 Bf5 19. Rd2 e6 20. Rg1 Qe7 21. Nc1 O-O-O 22. Re2 Rdg8 23. Ree1 Bg5 24. Bd1 1-0

[Event "*** Titled Tuesday Blitz AM"]
[Site "Chess.com"]
[Date "2020.01.07"]
[Round "1"]
[White "DishonorOnYourCow"]
[Black "lestri"]
[Result "0-1"]
[WhiteElo "2204"]
[BlackElo "2610"]
[TimeControl "180+2"]
[EndTime "9:07:41 PST"]
[Termination "lestri won by resignation"]

1. d4 d6 2. c4 e5 3. d5 a5 4. Nc3 Na6 5. e4 Nf6 6. Bd3 c6 7. Nf3 Nc5 8. Bc2 cxd5 9. cxd5 Bd7 10. O-O b5 11. a3 Rc8 12. Be3 b4 13. axb4 axb4 14.
Na4 Nxa4 15. Bxa4 Nxe4 16. Bxd7+ Qxd7 17. Ra7 Qb5 18. Re1 Be7 19. Bc1 f5 20. h3 Rf8 21.
Nh2 Rf7 22. f3 Nc5 23. Be3 Bg5 24. Rxf7 Bxe3+ 25. Rxe3 Kxf7 26. f4 Ne4 27. Qh5+ Kg8 28.
Nf1 g6 29. Qe2 Qxe2 30. Rxe2 exf4 31. Re1 Rc2 32. Nh2 Rxb2 33. Nf3 Kf7 34. Nd4 Kf6 35. Rc1 Rd2 36. Nc6 b3 37. Rb1 b2 38. Na5 Nc3 0-1

[Event "*** Titled Tuesday Blitz AM"]
[Site "Chess.com"]
[Date "2020.01.07"]
[Round "1"]
[White "manitodeplomo"]
[Black "MattyDPerrine"]
[Result "0-1"]
[WhiteElo "2673"]
[BlackElo "2338"]
[TimeControl "180+2"]
[EndTime "9:07:46 PST"]
[Termination "MattyDPerrine won by resignation"]

1. d4 Nf6 2. c4 c5 3. d5 b5 4.
Qc2 bxc4 5. e4 e6 6. Nc3 Be7 7. Bxc4 O-O 8. Nf3 exd5 9. Nxd5 Nxd5 10. Bxd5 Nc6 11. a3 Ba6 12. Bd2 Rc8 13. Bc3 Nd4 14. Qd1 Be2 15. Qd2 Bxf3 16. Bxd4 Bxg2 17. Bxg7 Bxh1 18.
Bxf8 Bg5 19. Qc3 Qxf8 20. Ke2 Bxe4 21. Rg1 Qe7 22. Bxe4 Qxe4+ 23. Qe3 Qc4+ 24. Kf3 f6 25. Rg4 Qd5+ 26. Kg3 Kh8 27. f4 Bh6 28. Qe7 Qe6 0-1

[Event "*** Titled Tuesday Blitz AM"]
[Site "Chess.com"]
[Date "2020.01.07"]
[Round "1"]
[White "garfield_pg"]
[Black "Rikikits"]
[Result "0-1"]
[WhiteElo "2333"]
[BlackElo "2706"]
[TimeControl "180+2"]
[EndTime "9:07:51 PST"]
[Termination "Rikikits won by resignation"]

1. e4 g6 2. d4 Bg7 3. Nc3 d6 4. Bg5 a6 5. a4 b6 6. Qd2 Bb7 7. f4 Nd7 8. Nf3 h6 9. Bh4 Qc8 10. Bc4 e6 11. O-O Ngf6 12. f5 exf5 13. exf5 g5 14.
Bxg5 hxg5 15. Bxf7+ Kxf7 16. Nxg5+ Kg8 17. Ne6 Nf8 18.
d5 Qd7 19. Rf3 Nxe6 20. fxe6 Qe7 21. Raf1 Rf8 22. Rg3 Rh7 23. Qd3 Kh8 24. Ne4 Nxe4 25. Rxf8+ Qxf8 26. Qxe4 Be5 27. Rf3 Qh6 28. h3 Kg8 29. c4 Rg7 30. Qf5 Qc1+ 31. Rf1 Qe3+ 32. Rf2 Bd4 33. Qf8+ Kh7 34. Qf5+ Kh6 35. Qf4+ 0-1

[Event "*** Titled Tuesday Blitz AM"]
[Site "Chess.com"]
[Date "2020.01.07"]
[Round "1"]
[White "lucasran"]
[Black "Nathan_Filgueiras"]
[Result "1-0"]
[WhiteElo "2702"]
[BlackElo "2320"]
[TimeControl "180+2"]
[EndTime "9:07:56 PST"]
[Termination "lucasran won by checkmate"]

1. Nf3 Nf6 2. c4 b6 3. g3 Bb7 4. Bg2 e6 5. O-O Be7 6. Nc3 O-O 7. Re1 d5 8. cxd5 exd5 9. d4 Ne4 10. Bf4 Nd7 11.
Rc1 c5 12. dxc5 Nxc3 13. Rxc3 bxc5 14. Ne5 Nf6 15. Rb3 Qc8 16. Nc4 Rd8 17. Na5 Ba6 18. Re3 Bd6 19. Bg5 d4 20. Rf3 Qc7 21. Bxf6 gxf6 22.
Nb3 Be5 23. Rf5 c4 24. Bxa8 Rxa8 25. Nd2 Rd8 26. Nf3 c3 27. Qc2 Qd7 28. Nxe5 fxe5 29. Rxe5 cxb2 30. Qxb2 d3 31. exd3 Bxd3 32. Re7 Qd5 33.
Re8+ Rxe8 34. Rxe8# 1-0

[Event "*** Titled Tuesday Blitz AM"]
[Site "Chess.com"]
[Date "2020.01.07"]
[Round "1"]
[White "dawtonlms"]
[Black "vlad10898"]
[Result "1/2-1/2"]
[WhiteElo "2313"]
[BlackElo "2672"]
[TimeControl "180+2"]
[EndTime "9:07:57 PST"]
[Termination "Game drawn by repetition"]

1. e4 c5 2. Nf3 d6 3. Bb5+ Nd7 4. O-O a6 5. Bd3 Ngf6 6. c3 b5 7. Bc2 Bb7 8. Re1 e6 9. d4 Be7 10. Nbd2 Qc7 11. Nf1 O-O 12. Ng3 Rfc8 13. Bd3 e5 14. Bd2 Bf8 15. a4 c4 16. Bc2 Re8 17. b3 cxb3 18.
Bxb3 exd4 19. Nxd4 Nxe4 20. Nxe4 Bxe4 21. axb5 axb5 22.
Rxa8 Rxa8 23. Rxe4 Nc5 24. Re1 Qb7 25. Bf4 b4 26.
Nf5 Nxb3 27. Qxb3 Qe4 28. Nh6+ gxh6 29. Be3 bxc3 30. Qxc3 Bg7 31. Qd2 d5 32. h3 Re8 33.
Rd1 d4 34. Bxh6 Bf6 35. Bg5 Bg7 36. Bh6 Bf6 37. Bg5 Bg7 38. Bh6 1/2-1/2

[Event "*** Titled Tuesday Blitz AM"]
[Site "Chess.com"]
[Date "2020.01.07"]
[Round "1"]
[White "Elshan1985"]
[Black "MidnightFox"]
[Result "0-1"]
[WhiteElo "2707"]
[BlackElo "2393"]
[TimeControl "180+2"]
[EndTime "9:07:58 PST"]
[Termination "MidnightFox won by resignation"]

1. Nf3 g6 2. d4 Nf6 3. c4 Bg7 4.
Nc3 d5 5. h4 c6 6. Bg5 O-O 7.
e3 Bg4 8. Qb3 Nbd7 9. cxd5 Bxf3 10. gxf3 Nxd5 11. Nxd5 cxd5 12. Qxd5 Qc7 13. Bxe7 Rfe8 14.
Ba3 Rad8 15. Be2 Qc2 16. Qb3 Qf5 17. h5 Nb6 18. hxg6 hxg6 19. Rc1 Nd5 20. Bb4 Bxd4 21.
Bd2 Bg7 22. e4 Qe5 23. Bc4 a6 24. Bxd5 Rxd5 25. Bc3 Qd6 26. Bxg7 Kxg7 27. Qc3+ f6 28. Qc7+ Re7 29. Qxd6 Rxd6 30. Ke2 Red7 31. Rhd1 Kf7 32.
Rxd6 Rxd6 33. Rc7+ Ke6 34. Rxb7 Rc6 35. a4 g5 36. a5 Ke5 37. Ke3 Rc5 38. b4 Rc3+ 39.
Ke2 Kf4 40. Rb6 Rc2+ 41. Kd1 Rxf2 42. Rxf6+ Ke3 43. Rxa6 Rxf3 44. Kc2 g4 45. Rg6 g3 46. e5 Kf2 47. a6 g2 48. a7 Ra3 49. Rf6+ Ke2 50. Rg6 Kf2 51. b5 Rxa7 52. Kc3 Ra3+ 53.
Kc4 Rg3 54. Rf6+ Ke2 0-1

[Event "*** Titled Tuesday Blitz AM"]
[Site "Chess.com"]
[Date "2020.01.07"]
[Round "1"]
[White "julinha97"]
[Black "Anna_ChessMate"]
[Result "1-0"]
[WhiteElo "2226"]
[BlackElo "2583"]
[TimeControl "180+2"]
[EndTime "9:08:01 PST"]
[Termination "julinha97 won by resignation"]

1. e4 e5 2. Nf3 Nc6 3. Bb5 a6 4. Ba4 Nf6 5. O-O Nxe4 6. d4 b5 7. Bb3 d5 8. dxe5 Be6 9. Qe2 Be7 10. Rd1 Nc5 11. c4 Nxb3 12. axb3 b4 13. cxd5 Bxd5 14. Rxa6 Rxa6 15. Qxa6 Nb8 16. Qe2 O-O 17. Nbd2 c6 18. Nc4 Nd7 19. Bf4 Qa8 20. Ne3 Nc5 21. Nxd5 cxd5 22.
Nd4 Qa2 23. Nc6 Bd8 24. Nxb4 Qxb3 25. Nxd5 Ne6 26. Bg3 h6 27. h3 Bg5 28. Rd3 Qb5 29.
f4 Nd4 30. Qe4 Bd8 31. Qxd4 Ba5 32. Kh2 Rb8 33. Ne7+ Kh8 34. Qd5 Qe8 35. Nc6 1-0

[Event "*** Titled Tuesday Blitz AM"]
[Site "Chess.com"]
[Date "2020.01.07"]
[Round "1"]
[White "VincentBlom"]
[Black "MixMasterChess"]
[Result "1/2-1/2"]
[WhiteElo "2567"]
[BlackElo "2130"]
[TimeControl "180+2"]
[EndTime "9:08:03 PST"]
[Termination "Game drawn by repetition"]

1. c4 c6 2. g3 d5 3. cxd5 cxd5 4. Bg2 Nc6 5. Nf3 Bg4 6. O-O e6 7. b3 Nf6 8. Bb2 Be7 9. d3 O-O 10. Nbd2 a5 11. a3 Nd7 12. h3 Bh5 13. Rc1 Bf6 14. Qc2 Bxb2 15. Qxb2 Qf6 16. Qxf6 Nxf6 17. g4 Bg6 18. Rc5 Nd7 19. Rc2 Rfc8 20. Rfc1 Ne7 21. Nd4 Rxc2 22. Rxc2 Rc8 23. Rxc8+ Nxc8 24. f4 Nd6 25. Kf2 Kf8 26. N2f3 Ke7 27. Ne5 Nxe5 28. fxe5 Nc8 29. Nb5 Kd7 30. Ke3 Kc6 31. Nc3 b5 32.
b4 axb4 33. axb4 Na7 34. Nb1 Kb6 35. h4 h5 36. gxh5 Bxh5 37. d4 Nc6 38. Nd2 Nxb4 39. Nb3 Nc6 40. Kd2 b4 41. e3 Kb5 42. Kc2 Na5 43.
Nxa5 Kxa5 44. Bf1 Ka4 45. Kb2 b3 46. Bd3 Kb4 47. Bf1 Bg6 48. Be2 Bc2 49. Bh5 g6 50. Be2 Be4 51. Ba6 Bf5 52. Bc8 Kc4 53. Ba6+ Kb4 54. Be2 Be4 55. Bd1 Bc2 56. Be2 Be4 1/2-1/2

[Event "*** Titled Tuesday Blitz AM"]
[Site "Chess.com"]
[Date "2020.01.07"]
[Round "1"]
[White "KhazarBabazada"]
[Black "WildTricks"]
[Result "1-0"]
[WhiteElo "2905"]
[BlackElo "2503"]
[TimeControl "180+2"]
[EndTime "9:08:05 PST"]
[Termination "KhazarBabazada won by resignation"]

1. e4 g6 2. d4 Bg7 3. Nc3 d6 4. Nf3 a6 5. a4 b6 6. Be2 Nf6 7. Be3 Bb7 8. Nd2 c5 9. O-O cxd4 10. Bxd4 Nc6 11. Be3 O-O 12. h3 Rc8 13. Nc4 Nd7 14.
Qd2 Na5 15. Nxa5 bxa5 16. Nd5 Nc5 17. f3 Bxb2 18. Rab1 Nxa4 19. c4 Bxd5 20. cxd5 Bg7 21. Bxa6 Rc3 22. Bf2 Nc5 23. Bb5 Qc7 24. Bc6 Rb8 25.
Qa2 Rb4 26. Rxb4 axb4 27. Qa8+ Bf8 28. Be1 Ra3 29. Qe8 Nd3 30. Bd2 Kg7 31. Bh6+ Kxh6 32. Qxf8+ Kh5 33. Kh2 e5 34. g4+ Kg5 35. h4+ Kf4 36.
Qh6+ 1-0

[Event "*** Titled Tuesday Blitz AM"]
[Site "Chess.com"]
[Date "2020.01.07"]
[Round "1"]
[White "attack2mateU"]
[Black "WelshTiger"]
[Result "1-0"]
[WhiteElo "2733"]
[BlackElo "2381"]
[TimeControl "180+2"]
[EndTime "9:08:05 PST"]
[Termination "attack2mateU won by resignation"]

1. e4 c5 2. Nf3 d6 3. d4 cxd4 4.
Nxd4 Nf6 5. Nc3 Nc6 6. Bg5 Bd7 7.
Qd2 Rc8 8. Nb3 h6 9. Bxf6 gxf6 10. Be2 e6 11. Nb5 Ne5 12. Nxa7 Ra8 13. Nb5 Qb6 14. a4 Rg8 15. a5 Qc6 16. N3d4 Qc8 17. f4 Nc4 18. Qc3 d5 19. exd5 exd5 20. b3 Nd6 21.
Qe3+ Kd8 22. Nxd6 Bxd6 23. O-O Re8 24. Qd3 Re4 25. c3 Bxf4 26. Bf3 Re3 27. Qh7 Qxc3 28. Rad1 Qc5 29. Qxf7 Kc7 30. Rc1 Rc3 31. Rxc3 Qxc3 32. Ne6+ Kd6 33. Nxf4 Qe3+ 34. Kh1 Qxf4 35. Qxd5+ Ke7 36.
Re1+ Kf8 37. Qxd7 1-0

[Event "*** Titled Tuesday Blitz AM"]
[Site "Chess.com"]
[Date "2020.01.07"]
[Round "1"]
[White "Anton_Demchenko"]
[Black "ShahMatKanal"]
[Result "1-0"]
[WhiteElo "3015"]
[BlackElo "2522"]
[TimeControl "180+2"]
[EndTime "9:08:07 PST"]
[Termination "Anton_Demchenko won by resignation"]

1. d4 Nf6 2. Nf3 d5 3. Bf4 c5 4.
e3 Nc6 5. Nbd2 e6 6. c3 Bd6 7.
Bg3 cxd4 8. exd4 Qc7 9. Bb5 O-O 10. Qe2 a6 11. Bd3 Ne7 12. Bxd6 Qxd6 13. Ne5 Ng6 14. Bxg6 hxg6 15. O-O Nd7 16. f4 b5 17.
a3 Bb7 18. Ndf3 Rfe8 19. Nxd7 Qxd7 20. Ne5 Qc7 21. Rf3 Kf8 22. Rh3 Ke7 23. Rh7 Rg8 24. Re1 Qd6 25. Qg4 Raf8 26. Qh4+ Ke8 27. Nd3 Qe7 28.
Qh3 Bc8 29. Nc5 Qf6 30. Qf3 Qd8 31. f5 gxf5 32. Qxf5 Qf6 33. Qh5 g5 34. Rh6 Rg6 35.
Rxg6 fxg6 36. Qe2 Kd8 37. Nd3 Kc7 38. Qe5+ Qxe5 39. Rxe5 Rf5 40. Re3 g4 41. Ne5 Rg5 42.
Rg3 a5 43. b4 a4 44. Rxg4 Rxg4 45. Nxg4 Bd7 46. Ne5 Be8 47. Kf2 Kd6 48. Kg3 Ke7 49.
Kf4 Kf6 50. Ng4+ Ke7 51. Kg5 Kf8 52. Kf6 1-0

[Event "*** Titled Tuesday Blitz AM"]
[Site "Chess.com"]
[Date "2020.01.07"]
[Round "1"]
[White "vinniethepooh"]
[Black "levallem"]
[Result "1-0"]
[WhiteElo "2596"]
[BlackElo "2181"]
[TimeControl "180+2"]
[EndTime "9:08:07 PST"]
[Termination "vinniethepooh won by resignation"]

1. d4 d5 2. c4 e6 3. Nc3 c6 4. Nf3 Nf6 5. g3 Nbd7 6. Bg2 b6 7. O-O Bb7 8. Qd3 Be7 9. e4 dxe4 10. Nxe4 c5 11.
Nxf6+ Nxf6 12. Rd1 cxd4 13. Nxd4 Bxg2 14. Kxg2 O-O 15.
Nc6 Qc7 16. Nxe7+ Qxe7 17. Qf3 Rfd8 18. b3 Rxd1 19. Ba3 Qe8 20. Rxd1 Rd8 21. Bb2 Rxd1 22. Qxd1 Qc6+ 23. f3 Nd7 24. Qd4 f6 25. Ba3 Ne5 26. Qe3 Kf7 27. Bb2 Nd7 28. Qd2 h6 29. Kf2 a5 30. Bd4 e5 31. Be3 Ke6 32. Qd3 Nc5 33.
Qh7 Qd7 34. Qg8+ Kf5 35. g4+ Kg6 36. h4 Nd3+ 37. Ke2 Nf4+ 38. Bxf4 exf4 39. h5+ Kg5 40. Qd5+ Qxd5 41. cxd5 f5 42. d6 Kf6 43. gxf5 Kf7 44. Kd3 Ke8 45. Ke4 Kd7 46. Ke5 b5 47. a3 b4 48. a4 1-0

[Event "*** Titled Tuesday Blitz AM"]
[Site "Chess.com"]
[Date "2020.01.07"]
[Round "1"]
[White "Alex_Molchanov"]
[Black "Jabberwockiez"]
[Result "0-1"]
[WhiteElo "2597"]
[BlackElo "2261"]
[TimeControl "180+2"]
[EndTime "9:08:08 PST"]
[Termination "Jabberwockiez won by resignation"]

1. d4 Nf6 2. Nf3 d5 3. g3 Bg4 4. Bg2 Nbd7 5. c4 e6 6. Nbd2 Be7 7. O-O O-O 8. b3 c5 9. Bb2 cxd4 10. Bxd4 Bc5 11. Bxc5 Nxc5 12. Ne5 Bf5 13. cxd5 exd5 14. Rc1 Rc8 15. Ndf3 Re8 16. Qd4 Nfe4 17. Rfd1 Ne6 18. Qxa7 f6 19. Rxc8 Qxc8 20. Nd3 Qc2 21. Re1 Re7 22. Nf4 Nxf4 23. Qb8+ Kf7 24. Qxf4 g6 25. g4 Bd7 26. g5 f5 27. Ne5+ Kf8 28. Nxd7+ Rxd7 29.
Bf3 Qc7 30. Qe3 Qd8 31. Qd4 Qxg5+ 32. Kh1 Rg7 33. Rg1 Qh4 34. Rf1 Ng3+ 35. fxg3 Qxd4 36. Kg2 Re7 37. g4 Kg8 38. gxf5 gxf5 39. h3 Rg7+ 40. Kh2 Qf4+ 41. Kh1 Qg3 0-1

[Event "*** Titled Tuesday Blitz AM"]
[Site "Chess.com"]
[Date "2020.01.07"]
[Round "1"]
[White "Arystanner"]
[Black "NemtsevIgor"]
[Result "1-0"]
[WhiteElo "2716"]
[BlackElo "2352"]
[TimeControl "180+2"]
[EndTime "9:08:12 PST"]
[Termination "Arystanner won by checkmate"]

1. c4 c6 2. e4 d6 3. d4 h6 4. Nc3 Nd7 5. Be3 g5 6. Nge2 Bg7 7. Qd2 Ngf6 8. f3 Qa5 9. h4 g4 10.
O-O-O a6 11. Kb1 b5 12. Ng3 Nb6 13. e5 Nfd7 14. Nf5 Bf8 15. exd6 bxc4 16. fxg4 e6 17. Ne7 Bb7 18. d5 cxd5 19. Bd4 Rh7 20. Be2 Rg7 21. Rhf1 Rb8 22. Bxg7 Bxg7 23. Ncxd5 c3 24. Nc7+ Kd8 25.
Qe3 c2+ 26. Kxc2 Nd5 27. Nexd5 Bxd5 28. Rb1 Qxa2 29. Nxd5 Rxb2+ 30. Rxb2 Qxb2+ 31. Kd1 Qb1+ 32. Kd2 Qb2+ 33. Ke1 exd5 34. Qe7+ Kc8 35. Qe8+ Kb7 36. Qxd7+ Kb6 37. Qc7# 1-0

[Event "*** Titled Tuesday Blitz AM"]
[Site "Chess.com"]
[Date "2020.01.07"]
[Round "1"]
[White "ChessQueen"]
[Black "Saitama_Hero"]
[Result "1-0"]
[WhiteElo "2672"]
[BlackElo "2299"]
[TimeControl "180+2"]
[EndTime "9:08:12 PST"]
[Termination "ChessQueen won by checkmate"]

1. e4 e5 2. Nf3 Nc6 3. Bb5 a6 4. Ba4 Nf6 5. d4 exd4 6. O-O Bc5 7. c3 dxc3 8. Nxc3 O-O 9. e5 Ng4 10. Qd5 Qe7 11. Bg5 Bxf2+ 12. Rxf2 Qb4 13. Re2 Qb6+ 14.
Kf1 d6 15. Bxc6 bxc6 16. Qb3 Qa7 17. h3 Be6 18. Qa4 Nxe5 19. Nxe5 dxe5 20. Rxe5 f6 21.
Re3 fxg5+ 22. Ke2 Rae8 23. Re1 Bg4+ 24. Kd3 Bf5+ 25. Kd2 Rxe3 26. Rxe3 Rd8+ 27. Ke2 Qb6 28. Qc4+ Kh8 29. b3 h6 30. Qf7 Qc5 31. Re7 Qxc3 32. Qxf5 Rd2+ 33. Kf1 Qc1+ 34. Re1 Qb2 35. Re8# 1-0

[Event "*** Titled Tuesday Blitz AM"]
[Site "Chess.com"]
[Date "2020.01.07"]
[Round "1"]
[White "JozefKneht"]
[Black "Keranke"]
[Result "0-1"]
[WhiteElo "2385"]
[BlackElo "2746"]
[TimeControl "180+2"]
[EndTime "9:08:14 PST"]
[Termination "Keranke won by resignation"]

1. e4 g6 2. d4 Bg7 3. Nc3 d6 4.
f4 a6 5. Nf3 b5 6. a4 b4 7. Nd5 Bb7 8. Bd3 Bxd5 9. exd5 Nf6 10. Bc4 a5 11. c3 bxc3 12. bxc3 O-O 13. O-O c6 14. dxc6 Nxc6 15. Re1 e6 16. Ba3 Ne7 17.
Qd2 Qc7 18. Bf1 d5 19. Ne5 Rfc8 20. Bb5 Nf5 21. Rac1 Ne4 22. Qd3 Qb6 23. Nd7 Qa7 24. Nc5 Nxc5 25. Bxc5 Rxc5 26. dxc5 Qxc5+ 27. Kh1 Rc8 28. c4 Nd6 29. Qe3 Bd4 30. Qf3 dxc4 31. Red1 Bb2 32. Rc2 c3 33. Bd3 Qb4 34. g4 Qxa4 35.
f5 exf5 36. gxf5 Qc6 37. Qxc6 Rxc6 38. fxg6 hxg6 39. Re2 a4 40. Bb1 a3 41. Kg2 Nc4 42. Ba2 Nd2 43. Rdxd2 cxd2 44. Rxd2 Rc7 45. Re2 Kg7 46.
h3 f5 47. Re6 Bd4 48. Re2 Kf6 49. h4 Rb7 50. Re6+ Kg7 51. Kf3 Rb2 52. Re2 Kh6 53. Rxb2 axb2 54. Kg3 Be5+ 55. Kh3 Bf6 56. Bb1 Kh5 0-1

[Event "*** Titled Tuesday Blitz AM"]
[Site "Chess.com"]
[Date "2020.01.07"]
[Round "1"]
[White "nouma78"]
[Black "Indianlad"]
[Result "1/2-1/2"]
[WhiteElo "2521"]
[BlackElo "2932"]
[TimeControl "180+2"]
[EndTime "9:08:19 PST"]
[Termination "Game drawn - insufficient material"]

1. d4 Nf6 2. Bg5 e6 3. e3 b6 4. c3 Bb7 5. Nd2 h6 6. Bh4 d6 7. Ngf3 Nbd7 8. Bd3 g5 9. Bg3 Nh5 10. Qe2 Bg7 11. Ba6 Qc8 12. Bxb7 Qxb7 13. e4 Ndf6 14. O-O-O O-O-O 15. Ne1 Nxg3 16. hxg3 c5 17. Kb1 cxd4 18. cxd4 Kb8 19. f3 Rc8 20. Nb3 Rc7 21. Nc2 a5 22. Qb5 Rhc8 23. Ne3 Nxe4 24. fxe4 Qxe4+ 25. Qd3 Qxd3+ 26. Rxd3 a4 27. Nc1 d5 28. Ne2 b5 29. a3 Kb7 30. g4 Ka6 31. Rc1 Rxc1+ 32. Nxc1 Rh8 33. Nc2 h5 34. gxh5 Rxh5 35. Rh3 Rxh3 36.
gxh3 f5 37. Nd3 Kb6 38. Nc5 g4 39. hxg4 fxg4 40. Nxe6 Bh6 41. Ne1 Kc6 42. Ng2 Kd6 43. Nef4 Bg7 44. Ne2 Bh6 45. Kc2 Kc6 46. Kd3 b4 47. Ne3 bxa3 48. bxa3 Bf8 49. Nxg4 Bxa3 50. Nc3 Bb2 51. Nxa4 Bxd4 52. Kxd4 Kb5 53. Nc3+ Kb4 54. Ne5 Kb3 55. Nd3 Kc2 56. Nb5 Kd2 57. Nf4 Ke1 58.
Nxd5 1/2-1/2